 Dungeon Crawl Stone Soup version 0.27.0-1-g7a089689b8 (webtiles) character file.

Game seed: 6687675534256312858

241 inmateoo the Chiller (level 5, -3/23 HPs)
             Began as a Felid Ice Elementalist on Aug 9, 2021.
             Slain by an ogre (26 damage)
             ... on level 3 of the Dungeon.
             The game lasted 00:05:30 (3778 turns).

inmateoo the Chiller (Felid Ice Elementalist)       Turns: 3778, Time: 00:05:31

Health: -3/23      AC:  1    Str:  4    XL:     5   Next: 80%
Magic:  7/10       EV: 18    Int: 17    God:
Gold:   213        SH:  0    Dex: 17    Spells: 3/10 levels left
                                        Lives:  0   Deaths: 1

rFire    x . .     SeeInvis +     - Unarmed
rCold    + . .     Faith    .   (shield unavailable)
rNeg     . . .     Spirit   .   (armour unavailable)
rPois    .         Reflect  .   (helmet unavailable)
rElec    .         Harm     .   (cloak unavailable)
rCorr    .         Rampage  .   (gloves unavailable)
Will     .....                  (boots unavailable)
Stlth    +++.......             (no amulet)
HPRegen  0.07/turn              h - ring of ice
MPRegen  0.12/turn              (no ring)

@: quick
A: very small, claws 1, fangs 3, see invisible, speed 1, shaggy fur 1, stealthy
paws, no weapons or thrown items, no armour, multi-lived
a: no special abilities


You were on level 3 of the Dungeon.
You visited 1 branch of the dungeon, and saw 3 of its levels.

You collected 213 gold pieces.

Inventory:

Jewellery
 h - a ring of ice (left paw)
Wands
 b - a wand of polymorph (5)
Scrolls
 a - a scroll of identify
 d - a scroll of amnesia
 e - a scroll of holy word {unknown}
Potions
 c - a potion of heal wounds
 g - 2 potions of mutation
 i - a potion of brilliance


   Skills:
 + Level 2.4 Fighting
 - Level 4.0 Dodging
 - Level 4.0 Stealth
 + Level 1.8 Unarmed Combat
 + Level 3.2 Spellcasting
 + Level 4.4 Ice Magic


You had 3 spell levels left.
You knew the following spells:

 Your Spells              Type           Power      Damage    Failure   Level
a - Freeze                Ice            100%       1d11      2%          1
b - Frozen Ramparts       Ice            52%        1d7       9%          3
c - Ozocubu's Armour      Ice            26%        N/A       9%          3

Your spell library contained the following spells:

 Spells                   Type           Power      Damage    Failure   Level
 Hailstorm                Conj/Ice       15%        3d5       56%         4


Dungeon Overview and Level Annotations

Branches:
Dungeon (3/15)

Altars:
Elyvilon


Innate Abilities, Weirdness & Mutations

You have sharp claws.
You have razor-sharp teeth.
You have supernaturally acute eyesight. (SInv)
You cover ground quickly. (Speed+)
You are covered in fur. (AC +1)
Your paws help you pounce on unaware monsters.
You are incapable of wielding weapons or throwing items.
You cannot wear armour.
You gain extra lives every three experience levels.


Message History

Press: ? - help, Shift-Dir - straight line, f/p - Natasha
Aim: Natasha (almost dead)
You feel a surge of power!
You freeze Natasha.
You kill Natasha!
Natasha growls in agony!
You start resting.
HP restored.
A hobgoblin comes into view.
The hobgoblin shouts!
A hobgoblin is nearby!
A hobgoblin is nearby!
An ogre comes into view. It is wielding a +0 giant club.
The hobgoblin closely misses you.
Casting: Freeze (safe; 2% risk of failure)
Confirm with . or Enter, or press ? or * to list all spells.
Aiming: Freeze (safe; 2% risk of failure)
Press: ? - help, Shift-Dir - straight line, f - hobgoblin
Aim: a hobgoblin You feel a surge of power!
You freeze the hobgoblin.
The hobgoblin is heavily wounded.
The ogre shouts!
The hobgoblin closely misses you.
Casting: Freeze (safe; 2% risk of failure)
Confirm with . or Enter, or press ? or * to list all spells.
Aiming: Freeze (safe; 2% risk of failure)
Press: ? - help, Shift-Dir - straight line, f/p - hobgoblin
Aim: a hobgoblin (heavily wounded)
You feel a surge of power!
You freeze the hobgoblin.
You kill the hobgoblin!
A quokka comes into view.
Casting: Freeze (safe; 2% risk of failure)
Confirm with . or Enter, or press ? or * to list all spells.
Aiming: Freeze (safe; 2% risk of failure)
Press: ? - help, Shift-Dir - straight line, f - ogre
Aim: an ogre, wielding a +0 giant club You feel a surge of power!
You freeze the ogre!
The ogre is moderately wounded.
The ogre hits you with a +0 giant club!!
Ouch! That really hurt!
You die...

##.###.#####.##.#.#
.............#....#
##.###.####..#†.#.#
#...##.####.......##.#
#...##.#..............
#...##.#.##.##.##.####
#...##.#.##.##.# #
#...##......##.#####
#...##.....#....@†.#
#..........#.....O.#
...........#......r#
...........#.........
..[........#.......#...
#[<....##..#....$..#....
#..................# ###
#...#.#####..#######
#...#.#####..#


You could see an ogre and a quokka.

Vanquished Creatures
  Crazy Yiuf (D:2)
  Jessica (D:3)
  Ijyb (D:3)
  Natasha (D:3)
  An orc wizard (D:3)
  Robin (D:2)
  4 gnolls (D:3)
  4 adders (D:2)
  3 worms (D:2)
  A dart slug (D:2)
  7 orcs
  A bat (D:2)
  6 endoplasms
  2 giant cockroaches (D:1)
  8 goblins (D:2)
  6 hobgoblins
  4 jackals (D:1)
  7 kobolds
  A quokka (D:1)
  5 ball pythons
  A frilled lizard (D:1)
  4 rats
70 creatures vanquished.

Notes
Turn   | Place    | Note
-------+----------+-------------------------------------------
     0 | D:1      | inmateoo the Felid Ice Elementalist began the quest for the
                  | Orb.
     0 | D:1      | Reached XP level 1. HP: 7/7 MP: 4/4
    22 | D:1      | Found a faded altar of an unknown god.
   529 | D:1      | Reached XP level 2. HP: 12/12 MP: 6/6
  1114 | D:2      | Reached skill level 1 in Fighting
  1116 | D:2      | Reached XP level 3. HP: 15/15 MP: 2/7
  1226 | D:2      | Found a runed translucent door.
  1227 | D:2      | Noticed Crazy Yiuf
  1283 | D:2      | Learned a level 3 spell: Frozen Ramparts
  1313 | D:2      | Noticed Robin
  1341 | D:2      | Killed Robin
  1629 | D:2      | Reached XP level 4. HP: 19/19 MP: 4/8
  2377 | D:2      | Slain by Crazy Yiuf
  2378 | D:2      | Reached XP level 3. HP: -5/15 MP: 5/8
  2496 | D:2      | Killed Crazy Yiuf
  2497 | D:2      | Reached XP level 4. HP: 19/19 MP: 4/9
  2816 | D:3      | Reached skill level 1 in Unarmed Combat
  2866 | D:3      | Noticed Jessica
  3040 | D:2      | Learned a level 3 spell: Ozocubu's Armour
  3152 | D:3      | Killed Jessica
  3153 | D:3      | Reached XP level 5. HP: 17/22 MP: 7/10
  3509 | D:3      | Found a white marble altar of Elyvilon.
  3592 | D:3      | Noticed Ijyb
  3598 | D:3      | Killed Ijyb
  3742 | D:3      | Noticed Natasha
  3747 | D:3      | Killed Natasha
  3775 | D:3      | Noticed an ogre
  3778 | D:3      | Slain by an ogre

Illustrated notes

Levels and vault maps discovered:
D:1:      dpeg_arrival_windows_large_door, layout_loops_ring,
          basic_ecumenical_altar, chequers_hall_statues_y, st_stairs_13,
          serial_bayou_crossing
D:2:      layout_loops_ring, minmay_pentomino_p4, uniq_crazy_yiuf_cottage,
          uniq_robin
D:3:      layout_loops_cross, nicolae_elyvilon_temple_path, serial_shops,
          nicolae_shop_crystal, uniq_ijyb, uniq_jessica, uniq_natasha

Skill      XL: |  1  2  3  4 |
---------------+-------------+-----
Stealth        | 3 4 |  4.0
Dodging        | 3 4 |  4.0
Fighting       | 1 2 |  2.4
Ice Magic      | 4 |  4.4
Unarmed Combat | 1 |  1.8
Spellcasting   | 3 |  3.2

Action                   |  1- 3 |  4- 6 || total
-------------------------+-------+-------++-------
Melee: Unarmed           |    41 |    32 ||    73
       Bite              |     4 |       ||     4
 Cast: Freeze            |    34 |    48 ||    82
       Frozen Ramparts   |     4 |     6 ||    10
  Use: Scroll            |       |     7 ||     7
 Stab: Sleeping          |     4 |     4 ||     8
       Distracted        |     2 |     1 ||     3
Armor: Skin              |       |     1 ||     1
Dodge: Dodged            |    44 |    40 ||    84
